 Dungeon Crawl Stone Soup version 0.30-a0-847-g17996783a1 (webtiles) character file.

Game seed: 1216691683692614052

372 cforsyth the Sneak (level 7, 0/64 HPs)
             Began as a Kobold Brigand on Mar 3, 2023.
             Was an Initiate of Hepliaklqana.
             Slain by a gnoll
             ... wielding a +0 halberd
              (8 damage)
             ... on level 5 of the Dungeon.
             The game lasted 00:04:11 (4034 turns).

cforsyth the Sneak (Kobold Brigand)                 Turns: 4034, Time: 00:04:11

Health: 0/64       AC: 23    Str:  8    XL:     7   Next: 2%
Magic:  7/7        EV:  3    Int: 12    God:    Hepliaklqana [......]
Gold:   228        SH:  0    Dex: 19    Spells: 6/6 levels left

rFire   . . .      SeeInvis .    i - +3 dagger (drain)
rCold   . . .      Faith    .    (no shield)
rNeg    . . .      Spirit   .    b - melded +0 robe
rPois   +          Reflect  .    (helmet currently unavailable)
rElec   .          Rampage  .    c - melded +0 cloak
rCorr   .          NoTele   +    t - melded +0 pair of gloves
Will    .....                    (boots currently unavailable)
Stlth   +++++                    (no amulet)
HPRegen 0.30/turn                (no ring)
MPRegen 0.10/turn                (no ring)

@: tree-form
A: stationary, stasis, torment immunity, boosted hp, small, no large weapons,
nightstalker 3
a: Renounce Religion


You were on level 5 of the Dungeon.
You worshipped Hepliaklqana.
Hepliaklqana was noncommittal.
You were a tree.
You visited 2 branches of the dungeon, and saw 6 of its levels.

You collected 228 gold pieces.

Inventory:

Hand Weapons
 a - a +2 dagger
 i - a +3 dagger of draining (weapon)
Missiles
 d - 9 poisoned darts (quivered)
 e - 3 curare-tipped darts
Armour
 b - a +0 robe (melded)
 c - a +0 cloak (melded)
 t - a +0 pair of gloves (melded)
Jewellery
 m - a ring of ice
 y - a +6 ring of strength
Wands
 z - a wand of polymorph (4)
Scrolls
 h - a scroll of noise {unknown}
 l - a scroll of enchant armour {unknown}
 n - a scroll of teleportation {unknown}
 o - 7 scrolls of identify {unknown}
 p - a scroll of blinking {unknown}
 r - 2 scrolls of vulnerability {unknown}
 u - 2 scrolls of fear {unknown}
 v - a scroll of fog {unknown}
Potions
 f - a potion of brilliance {unknown}
 g - 2 potions of lignification
 j - a potion of invisibility {unknown}
 k - 2 potions of curing {unknown}
 q - a potion of mutation {unknown}
 s - a potion of degeneration {unknown}
 w - a potion of might {unknown}
 x - 2 potions of heal wounds {unknown}


   Skills:
 + Level 4.2 Fighting
 + Level 5.0 Short Blades
 - Level 2.1 Throwing
 + Level 4.0 Dodging
 + Level 7.1 Stealth


You had 6 spell levels left.
You didn't know any spells.
Your spell library contained the following spells:

 Spells                   Type           Power      Damage    Failure   Level
 Beastly Appendage        Tmut           0%         N/A       32%         1
 Ensorcelled Hibernation  Hex/Ice        0%         N/A       45%         2
 Lesser Beckoning         Tloc           0%         N/A       45%         2
 Passwall                 Tmut/Erth      0%         N/A       45%         2
 Wereblood                Tmut           0%         N/A       45%         2
 Gell's Gravitas          Tloc           0%         N/A       69%         3
 Spider Form              Tmut/Pois      0%         N/A       69%         3
 Swiftness                Air            0%         N/A       69%         3
 Teleport Other           Tloc           0%         N/A       69%         3


Dungeon Overview and Level Annotations

Branches:
Dungeon (5/15)             Temple (1/1) D:4

Altars:
Ashenzari
Cheibriados
Elyvilon
Gozag
Hepliaklqana
Makhleb
Nemelex Xobeh
Okawaru
Qazlal
Ru
Sif Muna
Vehumet
Wu Jian
Yredelemnul
Zin

Annotations:
D:3 Sigmund
D:4 1 runed translucent door


Innate Abilities, Weirdness & Mutations

You are a tree.
Your roots penetrate the ground, keeping you stationary.
You cannot be teleported.
You are immune to unholy pain and torment.
Your maximum health is greatly increased.
Your equipment is partially melded.
You are small and have problems with some larger weapons.
You are completely attuned to the shadows.


Message History

You see here a +0 dagger.
You see here a +0 crystal plate armour.
There is a stone staircase leading down here.
You climb downwards.
There is a stone staircase leading up here.
A gnoll comes into view. It is wielding a +0 flail.
A gnoll is nearby!
A gnoll is nearby!
A gnoll is nearby!
A gnoll is nearby! 2 gnolls come into view.
Found 2 scrolls labelled QODURGHUOXE.
The gnoll closely misses you.
You hit the gnoll but do no damage. You hit the gnoll. You drain the gnoll.
The gnoll is severely wounded.
The gnoll shouts!
You hear a bark!
The gnoll hits you with a +0 flail!
The gnoll shouts!
You hit the gnoll. You drain the gnoll.
You kill the gnoll!
You hear a shout!
You have reached level 7!
The gnoll throws a throwing net.
The throwing net hits you.
You become entangled in the net!
You see here a throwing net.
You tear a large gash into the net.
The gnoll hits you from afar with a +0 halberd.
You struggle against the net.
The gnoll hits you with a +0 flail!
The gnoll hits you from afar with a +0 halberd!
You struggle against the net.
The gnoll hits you from afar with a +0 halberd.
The gnoll hits you with a +0 flail!
* * * LOW HITPOINT WARNING * * *
It was a potion of lignification.
You turn into a tree.
Your +0 cloak melds into your body.
Your +0 pair of gloves melds into your body.
Your +0 robe melds into your body.
Your roots penetrate the ground.
The net rips apart!
The gnoll hits you but does no damage.
The gnoll hits you from afar with a +0 halberd!
You die...

### #.############
#............#
#.##########.#
#.##########.#
###.#......##<.##
#..........g♣.....#
#.#.#.####.##..##.#
#.#.#.........g.# #
# #.#.####.##...#
#.#......)....#
#......#g...
#....?..... .###.#
..


You could see 2 gnolls.

Vanquished Creatures
  A phantom (D:4)
  A scorpion (D:4)
  Terence (D:2)
  An iguana (D:4)
  6 adders
  6 gnolls
  An ufetubus (D:4)
  5 dart slugs
  An orc (D:4)
  2 bats
  5 endoplasms
  9 goblins
  7 hobgoblins
  A quokka (D:4)
  5 ball pythons
  2 frilled lizards
  7 kobolds
  6 rats
67 creatures vanquished.

Notes
Turn   | Place    | Note
-------+----------+-------------------------------------------
     0 | D:1      | cforsyth the Kobold Brigand began the quest for the Orb.
     0 | D:1      | Reached XP level 1. HP: 12/12 MP: 1/1
   178 | D:1      | Reached XP level 2. HP: 18/18 MP: 2/2
   333 | D:1      | Reached XP level 3. HP: 15/22 MP: 3/3
   782 | D:2      | Noticed Terence
   791 | D:2      | Killed Terence
   792 | D:2      | Reached XP level 4. HP: 24/28 MP: 4/4
   849 | D:2      | Reached skill level 6 in Stealth
  1643 | D:2      | Reached XP level 5. HP: 32/32 MP: 5/5
  1739 | D:2      | Identified the +0 helmet of Oqiesh {Will- Int+3}
  1866 | D:3      | Found an opulent altar of Gozag.
  2090 | D:3      | Noticed Sigmund
  2657 | D:4      | Found a runed translucent door.
  2715 | D:4      | Reached XP level 6. HP: 21/38 MP: 6/6
  2897 | D:4      | Found a staircase to the Ecumenical Temple.
  2908 | Temple   | Entered the Ecumenical Temple
  2919 | Temple   | Became a worshipper of Hepliaklqana the Forgotten
  3497 | D:4      | Reached skill level 7 in Stealth
  3720 | D:4      | Found an ornate altar of the Wu Jian Council.
  3728 | D:4      | Reached skill level 5 in Short Blades
  3997 | D:5      | Entered Level 5 of the Dungeon
  4027 | D:5      | Reached XP level 7. HP: 36/43 MP: 7/7
  4034 | D:5      | Slain by a gnoll

Illustrated notes

Levels and vault maps discovered:
D:1:      onia_arrival_mini_maze, layout_basic, minivault_4,
          kennysheep_decorative_pillar
D:2:      layout_basic, uniq_terence
D:3:      layout_loops_ring, grunt_gozag_statues, uniq_sigmund
D:4:      layout_loops_ring, mainiacjoe_overflow_tiny_flanked,
          minmay_temple_entry_grid, ebering_ghost_reflecting_pool,
          chequers_serial_rivers_micro_e, minmay_goblin_outpost
D:5:      layout_basic, uniq_blork_the_orc
Temple:   compressed_dpeg_triangle_lava_temple

Skill      XL: |  1  2  3  4  5  6 |
---------------+-------------------+-----
Short Blades   | 3 4 5 |  5.0
Dodging        | 2 3 4 |  4.0
Fighting       | 3 4 |  4.2
Stealth        | 6 7 |  7.1
Throwing       | |  2.1

Action                     |  1- 3 |  4- 6 |  7- 9 || total
---------------------------+-------+-------+-------++-------
  Melee: Dagger            |    46 |   118 |       ||   164
         Punch             |     1 |       |       ||     1
    Use: Potion            |       |       |     1 ||     1
   Stab: Sleeping          |    10 |    19 |       ||    29
 Armour: Robe              |     8 |     9 |       ||    17
         Skin              |       |       |     1 ||     1
  Dodge: Dodged            |    37 |    58 |       ||    95

Table legend: (Time is in decaauts)
 A = Elapsed time spent in this place.
 B = Non-inter-level travel time spent in this place.
 C = Inter-level travel time spent in this place.
 D = Time resting spent in this place.
 E = Time spent auto-exploring this place.
 F = Levels seen in this place.
 G = Mean time per level.
                   A        B        C        D        E       F      G
               +--------+--------+--------+--------+--------+-----+--------+
         Total |   4003 |   3803 |    200 |    200 |   3034 |   6 |  667.2 |
       Dungeon |   3729 |   3550 |    179 |    200 |   2794 |   5 |  745.8 |
        Temple |    274 |    253 |     21 |      0 |    240 |   1 |  274.0 |
               +--------+--------+--------+--------+--------+-----+--------+

Top non-repeatable levels by time:
     D:3: 1027 daAuts
     D:2: 988 daAuts
     D:4: 916 daAuts
     D:1: 760 daAuts
  Temple: 274 daAuts
     D:5: 36 daAuts
